 Dungeon Sprint DCSS version 0.30-a0-743-gbfdf073431 (webtiles) character file.

Game seed: 4721133418385044829

19752 BigDaddyOpFi the Earth Mage (level 12, -29/53 (61) HPs)
             Began as a Felid Earth Elementalist on Feb 6, 2023.
             Was the Champion of Vehumet.
             Killed from afar by a shadow dragon (48 damage)
             ... with a bolt of negative energy
             ... in the Dungeon (Sprint VII: "The Pits").
             The game lasted 00:29:41 (16378 turns).

BigDaddyOpFi the Earth Mage (FeEE)                 Turns: 16378, Time: 00:29:41

HP:   -29/53 (61)   AC:  3    Str:  4      XL:     12   Next: 39%
MP:   1/35          EV: 32    Int: 18 (20) God:    Vehumet [******]
Gold: 80            SH:  0    Dex: 21      Spells: 3/47 levels left
                                        Lives: 0   Deaths: 4

rFire   . . .      SeeInvis +    (weapon unavailable)
rCold   + . .      Faith    .    (shield unavailable)
rNeg    . . .      Spirit   .    (body armour unavailable)
rPois   .          Reflect  .    (helmet unavailable)
rElec   .          Harm     .    (cloak unavailable)
rCorr   .          Rampage  .    (gloves unavailable)
Will    +....      NoTele   +    (boots unavailable)
Stlth   +++++++                  (no amulet)
HPRegen 0.28/turn                c - ring of wizardry
MPRegen 0.24/turn                i - +3 ring of dexterity

@: heavily drained, quick
A: very small, claws 1, fangs 3, see invisible, speed 1, shaggy fur 3, stealthy
paws, no weapons or thrown items, no armour, multi-lived
a: Renounce Religion


You were in the Dungeon.
You worshipped Vehumet.
Vehumet was exalted by your worship.
You visited 1 branch You collected 80 gold pieces.

Inventory:

Jewellery
 c - a ring of wizardry (left paw)
 h - a +3 ring of protection
 i - a +3 ring of dexterity (right paw)
 n - a ring of poison resistance
 p - the ring "Tomaepn" {*Slow rPois Will+ Dex+4 SInv}
   (You found it in the Dungeon)

   [ring of see invisible]

   Dex:       It affects your dexterity (+4).
   rPois:     It protects you from poison.
   SInv:      It lets you see invisible.
   *Slow:     It may slow you when you take damage.
   Will:      It increases your willpower.
Scrolls
 o - 3 scrolls of identify
Potions
 a - a potion of magic
 b - 6 potions of curing
 e - 4 potions of berserk rage
 g - a potion of invisibility
 j - 5 potions of brilliance
 l - 2 potions of might


   Skills:
 * Level 12.7 Fighting
 * Level 16.6 Dodging
 * Level 17.9 Stealth
 + Level 18.0 Spellcasting
 + Level 17.8 Conjurations
 - Level 2.0 Transmutations
 + Level 18.1 Earth Magic


You had 3 spell levels left.
You knew the following spells:

 Your Spells              Type           Power      Damage    Failure   Level
a - Sandblast             Erth           100%       2d20      0%          1
b - Searing Ray           Conj           100%       2d8       0%          2
c - Stone Arrow           Conj/Erth      100%       3d13      0%          3
d - Iron Shot             Conj/Erth      34%        9d7       1%          6
e - Iskenderun's Battles  Conj           69%        2d12      1%          5
f - Lightning Bolt        Conj/Air       24%        1d39      1%          5
g - Lee's Rapid Deconstr  Erth           34%        3d17*     1%          5
h - Lehudib's Crystal Sp  Conj/Erth      34%        10d9      1%          8
i - Shatter               Erth           34%        3d28*     22%         9

Your spell library contained the following spells:

 Spells                   Type           Power      Damage    Failure   Level
 Maxwell's Capacitive Co  Air            8%         ∞         100%        8
 Summon Small Mammal      Summ           64%        N/A       1%          1
 Passwall                 Tmut/Erth      42%        N/A       1%          2
 Sublimation of Blood     Necr           16%        N/A       2%          2
 Call Canine Familiar     Summ           16%        N/A       4%          3
 Petrify                  Tmut/Erth      51%        N/A       1%          4
 Irradiate                Conj/Tmut      25%        3d20      1%          5
 Summon Forest            Summ/Tloc      8%         N/A       34%         5


Dungeon Overview and Level Annotations

Branches:
Dungeon (1/1)

Altars:
Ashenzari
Cheibriados
Dithmenos
Elyvilon
Fedhas
Gozag
Hepliaklqana
Kikubaaqudgha
Makhleb
Nemelex Xobeh
Okawaru
Qazlal
Ru
Sif Muna
Trog
Uskayaw
Vehumet
Wu Jian
Xom
Yredelemnul
Zin
The Shining One
Jiyva
Lugonu


Innate Abilities, Weirdness & Mutations

You have sharp claws.
You have razor-sharp teeth.
You have supernaturally acute eyesight. (SInv)
You cover ground quickly. (Speed+)
Your thick and shaggy fur keeps you warm. (AC +3, rC+)
Your paws help you pounce on unaware monsters.
You are incapable of wielding weapons or throwing items.
You cannot wear armour.
You gain extra lives every three experience levels.


Message History

Press: ? - help, Shift-Dir - straight line, f/p - shadow dragon
Aim: a shadow dragon (almost dead, 85% to hit)
The blast of sand hits the shadow dragon but does no damage.
The shadow dragon is almost dead.
The shadow dragon breathes negative energy at you.
The bolt of negative energy misses you.
Casting: Sandblast (safe; 0% risk of failure)
Confirm with . or Enter, or press ? or * to list all spells.
Aiming: Sandblast (safe; 0% risk of failure)
Press: ? - help, Shift-Dir - straight line, f/p - shadow dragon
Aim: a shadow dragon (almost dead, catching its breath, 85% to hit)
The blast of sand hits the shadow dragon.
The shadow dragon is almost dead.
Casting: Sandblast (safe; 0% risk of failure)
Confirm with . or Enter, or press ? or * to list all spells.
You don't have enough magic to cast this spell.
There is an open door, spattered with blood here.
The shadow dragon breathes negative energy at you.
The bolt of negative energy misses you.
Things that are here:
a +0 hand axe; a +0 leather armour
Things that are here:
a +0 hand axe; 2 boomerangs; a +0 leather armour
Press: ? - help, v - describe, . - travel, g - get item
Items here: a +0 hand axe; 2 boomerangs; a +0 leather armour.
The floor.
Casting: Sandblast (safe; 0% risk of failure)
Confirm with . or Enter, or press ? or * to list all spells.
Aiming: Sandblast (safe; 0% risk of failure)
Press: ? - help, Shift-Dir - straight line, f/p - shadow dragon
Aim: a shadow dragon (almost dead, 85% to hit)
The blast of sand hits the shadow dragon but does no damage.
The shadow dragon is almost dead.
The shadow dragon breathes negative energy at you.
The bolt of negative energy hits you!!!
You feel drained.
Ouch! That really hurt!
The shadow dragon breathes negative energy at you.
The bolt of negative energy hits you!!!
You feel drained.
Ouch! That really hurt!
You die...

#....)))....')))))
#'#####'#####.....
#.#.....#..##.....
#D#.....#))#####'#
#.###'###))##.....
#)#..)..#))##.....
#.#.....#[[##.....
#)####'##'###...<.
#@#..†.....##.....
#)#........##.....
#'###########.....
#.......#.. ######
#..###..#.########
#....)..#.#....#..
##.###.##'#....#..
#.......#.+....'..
#..###..#'#....#!.


You could see a shadow dragon (catching breath).

Vanquished Creatures
  A bone dragon (D)
  A nagaraja (D)
  A frost giant (D)
  A ghoul (D)
  2 orc warlords (D)
  An ophan (D)
  A lorocyproca (D)
  An eidolon (D)
  A yaktaur captain (D)
  2 merfolk javelineers (D)
  A green death (D)
  5 vault guards (D)
  An ogre mage (D)
  A boulder beetle (D)
  4 two-headed ogres (D)
  Urug (D)
  3 naga warriors (D)
  A deep elf knight (D)
  A soul eater (D)
  A fire crab (D)
  A spriggan (D)
  Nergalle (D)
  A shadow wraith (D)
  An iron troll (D)
  4 skeletal warriors (D)
  A deep troll (D)
  A sea snake (D)
  A wizard (D)
  2 phantasmal warriors (D)
  A deep elf zephyrmancer (D)
  A deep elf pyromancer (D)
  2 wolf spiders (D)
  10 orc knights (D)
  An ugly thing (D)
  A merfolk siren (D)
  2 demonic crawlers (D)
  A guardian serpent (D)
  2 rust devils (D)
  A cane toad (D)
  A molten gargoyle (D)
  A smoke demon (D)
  An efreet (D)
  2 komodo dragons (D)
  4 yaktaurs (D)
  A guardian mummy (D)
  6 merfolk (D)
  A troll (D)
  2 tarantellas (D)
  2 tyrant leeches (D)
  A hornet (D)
  A wind drake (D)
  4 blink frogs (D)
  A shadow (D)
  A fire bat (D)
  A basilisk (D)
  A fire elemental (D)
  A neqoxec (D)
  Grum (D)
  Eustachio (D)
  12 yaks (D)
  7 vampire mosquitoes (D)
  2 black bears (D)
  2 orc warriors (D)
  5 wolves (D)
  A centaur (D)
  A phantom (D)
  A bullfrog (D)
  3 earth elementals (D)
  2 necrophages (D)
  5 wights (D)
  8 killer bees (D)
  A crimson imp (D)
  A gnoll bouda (D)
  2 orc priests (D)
  A jelly (D)
  2 iguanas (D)
  2 orc wizards (D)
  A hell rat (D)
  A mummy (D)
  7 gnolls (D)
  An adder (D)
  An ufetubus (D)
  2 adder simulacra (D)
  8 orcs (D)
  3 ball pythons (D)
  A bat skeleton (D)
  2 endoplasms (D)
  2 giant cockroaches (D)
  2 hobgoblins (D)
  A quokka (D)
  2 ball python skeletons (D)
192 creatures vanquished.

Vanquished Creatures (others)
  A cane toad (D)
  A yak (D)
2 creatures vanquished.

Grand Total: 194 creatures vanquished

Notes
Turn   | Place    | Note
-------+----------+-------------------------------------------
     0 | D        | BigDaddyOpFi the Felid Earth Elementalist began the quest
                  | for the Orb.
     0 | D        | Reached XP level 1. HP: 7/7 MP: 4/4
    31 | D        | Found a glowing golden altar of the Shining One.
    31 | D        | Found a glowing silver altar of Zin.
    31 | D        | Found a basalt altar of Yredelemnul.
    31 | D        | Found a shimmering altar of Xom.
    31 | D        | Found an ornate altar of the Wu Jian Council.
    31 | D        | Found a bloodstained altar of Trog.
    31 | D        | Found a shimmering blue altar of Sif Muna.
    31 | D        | Found a sacrificial altar of Ru.
    31 | D        | Found a stormy altar of Qazlal.
    31 | D        | Found an iron altar of Okawaru.
    31 | D        | Found a sparkling altar of Nemelex Xobeh.
    31 | D        | Found a burning altar of Makhleb.
    31 | D        | Found a viscous altar of Jiyva.
    31 | D        | Found a hazy altar of Hepliaklqana.
    31 | D        | Found an opulent altar of Gozag.
    31 | D        | Found a blossoming altar of Fedhas.
    31 | D        | Found a white marble altar of Elyvilon.
    31 | D        | Found a shadowy altar of Dithmenos.
    31 | D        | Found a snail-covered altar of Cheibriados.
    32 | D        | Found a radiant altar of Vehumet.
    32 | D        | Found a corrupted altar of Lugonu.
    33 | D        | Found a hide-covered altar of Uskayaw.
    33 | D        | Found an ancient bone altar of Kikubaaqudgha.
    33 | D        | Found a broken altar of Ashenzari.
    40 | D        | Became a worshipper of Vehumet
    59 | D        | Reached XP level 2. HP: 7/11 MP: 1/6
   107 | D        | Reached * piety under Vehumet
   107 | D        | Offered knowledge of Magic Dart by Vehumet.
   111 | D        | Reached skill level 1 in Conjurations
   151 | D        | Reached ** piety under Vehumet
   414 | D        | Offered knowledge of Searing Ray by Vehumet.
   419 | D        | Learned a level 2 spell: Searing Ray
   570 | D        | Noticed a wight
   575 | D        | Offered knowledge of Ignite Poison by Vehumet.
   575 | D        | Reached *** piety under Vehumet
   577 | D        | Reached XP level 3. HP: 14/14 MP: 6/9
   602 | D        | Killed a wight
   603 | D        | Reached skill level 5 in Spellcasting
   603 | D        | Reached skill level 5 in Earth Magic
   603 | D        | Reached XP level 4. HP: 9/18 MP: 6/12
   772 | D        | Noticed a necrophage
   779 | D        | Offered knowledge of Iskenderun's Mystic Blast by Vehumet.
   785 | D        | Slain by a wight
   786 | D        | Reached XP level 3. HP: 0/12 MP: 5/10
   811 | D        | Killed a wight
   811 | D        | Reached **** piety under Vehumet
   812 | D        | Reached skill level 5 in Conjurations
   812 | D        | Reached XP level 4. HP: 17/18 MP: 9/12
   814 | D        | Offered knowledge of Kindle Blastsparks by Vehumet.
   815 | D        | Reached XP level 5. HP: 21/21 MP: 8/14
   827 | D        | Reached ***** piety under Vehumet
   834 | D        | Gained mutation: You are covered in thick fur. (AC +2)
                  | [Felid growth]
   834 | D        | Reached XP level 6. HP: 20/24 MP: 7/17
  1035 | D        | Learned a level 3 spell: Stone Arrow
  1072 | D        | Offered knowledge of Iron Shot by Vehumet.
  1356 | D        | Learned a level 6 spell: Iron Shot
  1522 | D        | Noticed a phantasmal warrior
  1531 | D        | Killed a phantasmal warrior
  1532 | D        | Reached XP level 7. HP: 16/27 MP: 15/20
  2061 | D        | Noticed a sea snake
  2064 | D        | Killed a sea snake
  2065 | D        | Reached skill level 10 in Spellcasting
  2065 | D        | Reached skill level 10 in Conjurations
  2065 | D        | Reached skill level 10 in Earth Magic
  2065 | D        | Reached XP level 8. HP: 31/31 MP: 5/23
  2369 | D        | Noticed a merfolk siren
  2371 | D        | Offered knowledge of Iskenderun's Battlesphere by Vehumet.
  2378 | D        | Killed a merfolk siren
  2379 | D        | Reached XP level 9. HP: 34/34 MP: 3/25
  2814 | D        | Learned a level 5 spell: Iskenderun's Battlesphere
  2817 | D        | Noticed a guardian mummy
  2831 | D        | Killed a guardian mummy
  3284 | D        | Offered knowledge of Spellforged Servitor by Vehumet.
  3738 | D        | Noticed Grum
  3742 | D        | Killed Grum
  3743 | D        | Reached ****** piety under Vehumet
  3994 | D        | Offered knowledge of Lightning Bolt by Vehumet.
  4229 | D        | Learned a level 5 spell: Lightning Bolt
  4229 | D        | Noticed a deep elf zephyrmancer
  4340 | D        | Killed a deep elf zephyrmancer
  4372 | D        | Noticed an orc knight
  4645 | D        | Noticed a spriggan rider
  4647 | D        | Noticed a phantasmal warrior
  4933 | D        | Noticed a smoke demon
  4944 | D        | Killed a smoke demon
  4945 | D        | Reached XP level 10. HP: 20/37 MP: 5/27
  5201 | D        | Killed a spriggan rider
  5201 | D        | Offered knowledge of Yara's Violent Unravelling by Vehumet.
  5204 | D        | Killed an orc knight
  5339 | D        | Noticed a demonic crawler
  5344 | D        | Killed a demonic crawler
  5612 | D        | Offered knowledge of Lee's Rapid Deconstruction by Vehumet.
  5826 | D        | Noticed Nergalle
  5839 | D        | Killed Nergalle
  6117 | D        | Killed a cane toad
  6249 | D        | Learned a level 5 spell: Lee's Rapid Deconstruction
  6257 | D        | Slain by a phantasmal warrior
  6258 | D        | Reached XP level 9. HP: -2/34 MP: 2/28
  6262 | D        | Killed a phantasmal warrior
  6263 | D        | Reached XP level 10. HP: 37/37 MP: 27/29
  6307 | D        | Noticed a shadow wraith
  6312 | D        | Killed a shadow wraith
  6541 | D        | Noticed a deep troll
  6546 | D        | Killed a deep troll
  6564 | D        | Offered knowledge of Eringya's Noxious Bog by Vehumet.
  6813 | D        | Reached skill level 15 in Earth Magic
  6828 | D        | Noticed a boulder beetle
  7023 | D        | Killed a boulder beetle
  7024 | D        | Reached skill level 15 in Spellcasting
  7024 | D        | Offered knowledge of Lehudib's Crystal Spear by Vehumet.
  7024 | D        | Offered knowledge of Shatter by Vehumet.
  7024 | D        | Offered knowledge of Maxwell's Capacitive Coupling by
                  | Vehumet.
  7034 | D        | Learned a level 8 spell: Lehudib's Crystal Spear
  7232 | D        | Reached skill level 15 in Conjurations
  7496 | D        | Reached XP level 11. HP: 24/40 MP: 8/31
  7782 | D        | Got the ring "Tomaepn" {*Slow rPois Will+ Dex+4 SInv}
  8076 | D        | Noticed a skeletal warrior
  8077 | D        | Noticed a skeletal warrior
  8080 | D        | Killed a skeletal warrior
  8082 | D        | Killed a skeletal warrior
  8404 | D        | Noticed a skeletal warrior
  8404 | D        | Noticed a skeletal warrior
  8407 | D        | HP: 1/40 [skeletal warrior/+0 scimitar (19)]
  8479 | D        | Killed a skeletal warrior
  8481 | D        | Killed a skeletal warrior
  8952 | D        | Noticed Eustachio
  8955 | D        | Noticed a soul eater
  8957 | D        | Killed Eustachio
  8962 | D        | Killed a soul eater
  8963 | D        | Reached skill level 1 in Fighting
  9220 | D        | Noticed a nagaraja
  9225 | D        | Killed a nagaraja
  9226 | D        | Reached skill level 5 in Dodging
  9226 | D        | Reached skill level 5 in Stealth
  9577 | D        | Noticed a deep elf knight
  9582 | D        | Killed a deep elf knight
  9959 | D        | Noticed a merfolk javelineer
  9959 | D        | Noticed an orc knight
  9959 | D        | Noticed an orc knight
  9959 | D        | Noticed an orc knight
  9959 | D        | Noticed an orc knight
  9959 | D        | Noticed an orc knight
  9960 | D        | Noticed an orc knight
  9961 | D        | Noticed an orc warlord
  9961 | D        | Noticed an orc warlord
  9961 | D        | Noticed an orc knight
 10255 | D        | Killed an orc warlord
 10452 | D        | Killed an orc knight
 10453 | D        | Reached skill level 5 in Fighting
 10453 | D        | Gained mutation: Your thick and shaggy fur keeps you warm.
                  | (AC +3, rC+) [Felid growth]
 10453 | D        | Reached XP level 12. HP: 51/51 MP: 11/33
 10521 | D        | Killed an orc warlord
 11050 | D        | Reached skill level 10 in Stealth
 11763 | D        | Noticed a yaktaur captain
 11767 | D        | Noticed a vault guard
 11770 | D        | Killed a yaktaur captain
 11771 | D        | Reached skill level 10 in Dodging
 11806 | D        | Killed a vault guard
 12286 | D        | Killed a merfolk javelineer
 12690 | D        | Noticed a vault guard
 12693 | D        | Noticed a vault guard
 12695 | D        | Killed a vault guard
 12783 | D        | Killed a vault guard
 13053 | D        | Noticed a vault guard
 13057 | D        | Killed a vault guard
 13234 | D        | Noticed a vault guard
 13236 | D        | Noticed a merfolk javelineer
 13237 | D        | Noticed an eidolon
 13240 | D        | Killed a merfolk javelineer
 13484 | D        | Noticed a naga warrior
 13490 | D        | Killed a naga warrior
 13753 | D        | Noticed a naga warrior
 13756 | D        | Noticed a naga warrior
 13759 | D        | Noticed a two-headed ogre
 13762 | D        | Killed a naga warrior
 13763 | D        | Reached XP level 13. HP: 57/60 MP: 12/35
 13768 | D        | Killed an eidolon
 13897 | D        | Reached skill level 10 in Fighting
 13905 | D        | Noticed a bone dragon
 13918 | D        | Killed a bone dragon
 14279 | D        | Noticed a frost giant
 14279 | D        | Noticed a green death
 14279 | D        | Noticed an ophan
 14281 | D        | Mangled by a frost giant
 14282 | D        | Reached XP level 12. HP: -9/58 MP: 25/34
 14319 | D        | Killed an ophan
 14355 | D        | Reached skill level 15 in Stealth
 14627 | D        | Killed a frost giant
 15005 | D        | Got Morasezxi's Exposition on Luminous Generation
 15024 | D        | Learned a level 9 spell: Shatter
 15053 | D        | Noticed a two-headed ogre
 15054 | D        | Noticed Urug
 15055 | D        | Killed Urug
 15055 | D        | Killed a two-headed ogre
 15055 | D        | Killed a vault guard
 15056 | D        | Reached skill level 15 in Dodging
 15056 | D        | Noticed a lorocyproca
 15057 | D        | Noticed a two-headed ogre
 15058 | D        | Killed a lorocyproca
 15058 | D        | Killed a two-headed ogre
 15059 | D        | Reached XP level 13. HP: 64/64 MP: 29/35
 15065 | D        | HP: 1/64 [wind drake/the air (14)]
 15066 | D        | Succumbed to a wolf spider's poison
 15067 | D        | Reached XP level 12. HP: -2/61 MP: 6/34
 15073 | D        | Killed a two-headed ogre
 15083 | D        | Killed a green death
 15393 | D        | Noticed a ghoul
 15717 | D        | Killed a ghoul
 15917 | D        | Killed an ogre mage
 16186 | D        | Noticed a ghoul
 16187 | D        | Noticed a shadow dragon
 16187 | D        | Noticed a ghoul
 16189 | D        | Noticed a ghoul
 16378 | D        | Killed from afar by a shadow dragon

Illustrated notes

Levels and vault maps discovered:
D:        pitsprint [storerooms_1, entrance_room_1, metal_vault_7, armoury_2,
          mini_pit_1, grid_room_1, main_hall_1, silver_pit, the_coven_1,
          the_vestibule_1, steel_vault_2, golden_pit, hallway_of_sentries,
          crystal_vault_3, iron_vault_2, final_vault]

Skill      XL: |  1  2  3  4  5  6  7  8  9 10 11 12 13 |
---------------+----------------------------------------+-----
Dodging        | 3 7 16 13 | 16.6
Stealth        | 3 8 16 17 | 17.9
Transmutations | 2 |  2.0
Earth Magic    | 3 4 6 7 9 10 11 12 15 16 18 | 18.1
Conjurations   | 3 5 6 8 10 14 15 16 17 | 17.8
Spellcasting   | 4 5 6 7 9 10 11 12 15 16 18 | 18.0
Fighting       | 5 12 10 | 12.7

Action                     |  1- 3 |  4- 6 |  7- 9 | 10-12 | 13-15 || total
---------------------------+-------+-------+-------+-------+-------++-------
  Melee: Unarmed           |     1 |       |     3 |       |       ||     4
   Cast: Sandblast         |    22 |    12 |    13 |    26 |     1 ||    74
         Searing Ray       |     1 |     5 |       |     2 |       ||     8
         Stone Arrow       |       |     7 |    14 |     4 |       ||    25
         Iron Shot         |       |     3 |    33 |    81 |     3 ||   120
         Lightning Bolt    |       |       |     7 |    40 |     1 ||    48
         Iskenderun's Batt |       |       |     2 |       |       ||     2
         Lee's Rapid Decon |       |       |       |    27 |     1 ||    28
         Lehudib's Crystal |       |       |       |    60 |    12 ||    72
         Shatter           |       |       |       |     6 |     1 ||     7
    Use: Potion            |       |     2 |     2 |    15 |     4 ||    23
         Scroll            |       |       |     1 |     3 |       ||     4
 Armour: Skin              |       |     2 |       |     2 |     1 ||     5
  Dodge: Dodged            |     9 |    20 |    19 |    76 |    23 ||   147

Table legend: (Time is in decaauts) A = Elapsed time spent in this place. B = Non-inter-level travel time spent in this place. C = Inter-level travel time spent in this place. D = Time resting spent in this place. E = Time spent auto-exploring this place. F = Levels seen in this place. G = Mean time per level. A B C D E F G +--------+--------+--------+--------+--------+-----+--------+ Total | 15874 | 15782 | 92 | 13219 | 0 | 1 | 15874.0 | Dungeon | 15874 | 15782 | 92 | 13219 | 0 | 1 | 15874.0 | +--------+--------+--------+--------+--------+-----+--------+

Top non-repeatable levels by time:
       D: 15874 daAuts
